 Dungeon Crawl Stone Soup version 0.30-a0-857-gcaf70739d4 (webtiles) character file.

Game seed: 18242870539230726858

37715 bmack86 the Severer (level 13, -15/116 HPs)
             Began as a Minotaur Fighter on Mar 5, 2023.
             Was the Champion of Okawaru.
             Demolished by a death yak (17 damage)
             ... on level 4 of the Lair of Beasts on Mar 6, 2023.
             The game lasted 00:43:38 (12320 turns).

bmack86 the Severer (Minotaur Fighter)             Turns: 12320, Time: 00:43:39

Health: -15/116    AC: 25    Str: 29    XL:     13   Next: 59%
Magic:  18/18      EV: 11    Int:  5    God:    Okawaru [******]
Gold:   940        SH:  8    Dex: 16    Spells: 12/12 levels left

rFire   . . .      SeeInvis +    a - +6 broad axe (flame)
rCold   . . .      Faith    .    c - +0 buckler
rNeg    . . .      Spirit   .    y - +2 chain mail {Will+}
rPois   +          Reflect  .    n - +0 mask of the Dragon {Will+ Slay+3 SInv}
rElec   .          Rampage  .    B - +1 cloak
rCorr   .                        D - +1 pair of gloves {Str+3}
Will    ++...                    j - +2 pair of boots {Fly} Stlth
                                 o - amulet of regeneration
HPRegen 1.19/turn                k - ring of poison resistance
MPRegen 0.16/turn                R - +6 ring of dexterity

@: heroic, flying
A: horns 2, retaliatory headbutt
a: Renounce Religion, Heroism, Finesse, Duel


You were on level 4 of the Lair of Beasts.
You worshipped Okawaru.
Okawaru was exalted by your worship.
You visited 3 branches of the dungeon, and saw 15 of its levels.
You also visited: Bailey.

You collected 1230 gold pieces.
You spent 290 gold pieces at shops.

Inventory:

Hand Weapons
 a - a +6 broad axe of flaming (weapon)
 z - the +5 war axe of the Median {flame, Will++ Str-5}
   (You acquired it on level 5 of the Dungeon)

   Str:       It affects your strength (-5).
   Will:      It greatly increases your willpower.
 E - a +5 broad axe of flaming
Missiles
 b - 3 silver javelins
 f - 21 poisoned darts
 l - 5 javelins
 q - 2 silver boomerangs
 v - 23 boomerangs (quivered)
 C - 6 curare-tipped darts
Armour
 c - a +0 buckler (worn)
 j - a +2 pair of boots of flying (worn)
 n - the +0 mask of the Dragon (worn) {Will+ Slay+3 SInv}
   (You acquired it in a bailey)

   Slay:      It affects your accuracy & damage with ranged weapons and melee
   (+3).
   SInv:      It lets you see invisible.
   Will:      It increases your willpower.
 y - a +2 chain mail of willpower (worn)
 B - a +1 cloak (worn)
 D - a +1 pair of gloves of strength (worn)
 I - a scarf of resistance
Jewellery
 h - an amulet of faith
 i - a ring of flight
 k - a ring of poison resistance (left hand)
 o - an amulet of regeneration (around neck)
 A - an amulet of magic regeneration
 O - a ring of ice
 R - a +6 ring of dexterity (right hand)
 S - a +6 ring of dexterity
Wands
 F - a wand of mindburst (28)
 G - a wand of roots (11)
 U - a wand of acid (7)
Scrolls
 m - 4 scrolls of teleportation
 r - a scroll of fog
 u - 3 scrolls of blinking
 w - a scroll of poison
 K - a scroll of magic mapping
 L - a scroll of silence
 P - 2 scrolls of fear
 Q - 3 scrolls of identify
Potions
 d - 5 potions of heal wounds
 e - 7 potions of attraction
 g - 3 potions of mutation
 p - 2 potions of invisibility
 s - 3 potions of curing
 t - a potion of flight
 x - 2 potions of magic
 J - 2 potions of cancellation
 N - a potion of haste
 T - a potion of brilliance
 V - a potion of resistance


   Skills:
 + Level 11.6(16.6) Fighting
 * Level 15.4(20.4) Axes
 + Level 8.8(13.8) Throwing
 + Level 11.6(16.6) Armour
 + Level 11.7(16.7) Shields
 + Level 8.5 Invocations


You had 12 spell levels left.
You didn't know any spells.
Your spell library contained the following spells:

 Spells                   Type           Power      Damage    Failure   Level
 Kiss of Death            Conj/Necr      0%         2d5       88%         1
 Magic Dart               Conj           0%         1d3       88%         1
 Lesser Beckoning         Tloc           0%         N/A       96%         2
 Confusing Touch          Hex            0%         N/A       99%         3
 Gell's Gravitas          Tloc           0%         N/A       99%         3
 Hailstorm                Conj/Ice       0%         3d3       99%         3
 Mephitic Cloud           Conj/Pois/Air  0%         N/A       99%         3
 Portal Projectile        Hex/Tloc       0%         N/A       99%         3
 Teleport Other           Tloc           0%         N/A       99%         3
 Dispel Undead            Necr           0%         3d6       100%        4
 Ice Form                 Ice/Tmut       0%         N/A       100%        4
 Blade Hands              Tmut           0%         N/A       100%        5
 Call Imp                 Summ           Unusable   N/A       N/A         2
 Tukima's Dance           Hex            Unusable   N/A       N/A         3
 Simulacrum               Ice/Necr       Unusable   N/A       N/A         6

Dungeon Overview and Level Annotations

Branches:
Dungeon (10/15)            Temple (1/1) D:6            Lair (4/5) D:10
  Swamp (0/4) Lair:3        Snake (0/4) Lair:3          Orc (0/2) D:10
 Bailey (visited)
  Slime: Lair:4-5

Altars:
Cheibriados
Dithmenos
Elyvilon
Gozag
Hepliaklqana
Kikubaaqudgha
Makhleb
Okawaru
Qazlal
Ru
Sif Muna
Trog
Vehumet
Wu Jian
Yredelemnul
Zin
The Shining One

Shops:
D:1 ((*[*   D:2 *   D:6 *

Annotations:
Temple 4 transporters


Innate Abilities, Weirdness & Mutations

You have a pair of horns on your head.
You reflexively headbutt those who attack you in melee.


Message History

Okawaru accepts your kill.
You slice the death yak!! You burn the death yak. You hit the elephant.
You burn the elephant.
You kill the elephant!
Okawaru accepts your kill.
You slice the death yak!! You burn the death yak.
You kill the death yak!
Okawaru accepts your kill.
You feel sick. The death yak gores you. You block the death yak's attack.
You slash the death yak! You burn the death yak.
You headbutt the death yak, but do no damage.
The death yak is severely wounded.
You slash the death yak! You burn the death yak. You hit the death yak.
You burn the death yak. You slash the death yak! You burn the death yak.
You feel sick.
You slice the death yak!! You burn the death yak!
You kill the death yak!
Okawaru accepts your kill.
You slice the death yak!! You burn the death yak.
You kill the death yak!
Okawaru accepts your kill.
You barely miss the death yak. You hit the death yak but do no damage.
You feel sick. The death yak gores you! The death yak closely misses you.
You feel sick. The death yak gores you!
Found 21 gold pieces.
You feel sick. The death yak gores you!!
* * * LOW HITPOINT WARNING * * *
The death yak gores you!
* * * LOW HITPOINT WARNING * * *
You block the death yak's attack.
You see here a cane toad corpse.
You feel much better.
You feel sick. The death yak gores you!
* * * LOW HITPOINT WARNING * * *
You block the death yak's attack. The death yak gores you!!
* * * LOW HITPOINT WARNING * * *
You feel much better.
You feel sick.
You are no longer poisoned.
The death yak gores you!!
* * * LOW HITPOINT WARNING * * *
The death yak gores you!
You die...

...##.#..[##
.........#.##
..(........P#
............##
.............##
......††......# #
.........<....#.#
...#...††.......##
#.......@.......
.........YYY......
..
.......#.........$
.#.
......##.#..#.....
....? ......
#...#...... ....#
$..... #!.##......
...# ...... ....
...... ...# #....
.... ......
..###.. ... #..


You could see 3 death yaks.

Vanquished Creatures
  An orc warlord (Bailey)
  A minotaur (Lair:3)
  The ghost of Twinkles the Nimble, a journeyman GnHs of Gozag (Lair:3)
  3 hydras
  A catoblepas (Lair:1)
  A boulder beetle (Lair:2)
  3 two-headed ogres (D:9)
  Erica (Lair:2)
  The ghost of Sabo the Cruncher, a novice GnWn of Qazlal (D:8)
  6 death yaks
  The ghost of Hubris850 the Slicer, a journeyman KoBr of Uskayaw (D:10)
  A skyshark (Lair:3)
  Sonja (Lair:3)
  A lindwurm (Lair:3)
  The ghost of hero57213 the Covered, a novice MiFi of Ashenzari (D:7)
  Pikel (D:8)
  2 orc knights (Bailey)
  2 oklob plants (Lair:3)
  7 elephants
  Maurice (D:8)
  3 black mambas
  6 cane toads
  A rime drake (Lair:2)
  Maggie (D:10)
  3 komodo dragons
  2 trolls (D:10)
  2 polar bears
  7 blink frogs (Lair:2)
  A vampire (D:10)
  A spriggan (Lair:1)
  Sigmund (D:2)
  2 shadows
  17 yaks
  3 wraiths (D:10)
  4 wyverns
  4 basilisks
  5 steam dragons
  8 vampire mosquitoes
  2 acid dragons (D:10)
  6 water moccasins
  7 orc warriors
  5 black bears
  An ogre (D:4)
  A sky beast (D:7)
  13 wolves
  2 centaurs
  3 phantoms
  2 kobold brigands
  9 bullfrogs
  A scorpion (D:4)
  8 wights
  6 killer bees
  4 howler monkeys
  4 electric eels (D:8)
  3 hounds
  A jelly (D:7)
  4 orc priests
  2 gnoll boudas
  5 iguanas
  2 hell rats (D:10)
  A sleepcap (D:5)
  11 orc wizards
  22 gnolls
  8 adders
  A shadow imp (D:6)
  2 white imps
  An ufetubus (D:6)
  A worm (D:2)
  2 dart slugs
  31 orcs
  7 ball pythons
  6 endoplasms
  7 giant cockroaches
  19 goblins
  6 hobgoblins
  7 quokkas
  9 bats
  15 frilled lizards
  31 kobolds
  7 rats
  A plant (Lair:3)
394 creatures vanquished.

Vanquished Creatures (others)
  9 fungi
  26 plants
35 creatures vanquished.

Grand Total: 429 creatures vanquished

Notes
Turn   | Place    | Note
-------+----------+-------------------------------------------
     0 | D:1      | bmack86 the Minotaur Fighter began the quest for the Orb.
     0 | D:1      | Reached XP level 1. HP: 19/19 MP: 0/0
   260 | D:1      | Reached XP level 2. HP: 26/27 MP: 1/1
   260 | D:1      | Found Iczoal's Antique Armour Shop.
   376 | D:1      | Found Mapt's Weapon Shop.
   386 | D:1      | Reached skill level 3 in Axes
   434 | D:1      | Found Ridunu's General Store.
   456 | D:1      | Bought a scroll of identify for 20 gold pieces
   538 | D:1      | Found Gaux's General Store.
   722 | D:1      | Found Mazynewu's Weapon Shoppe.
   977 | D:2      | Noticed Sigmund
   984 | D:2      | Killed Sigmund
   985 | D:2      | Reached skill level 4 in Axes
   985 | D:2      | Reached XP level 3. HP: 34/34 MP: 2/2
   985 | D:2      | Reached XP level 4. HP: 41/41 MP: 3/3
   985 | D:2      | Reached XP level 5. HP: 47/47 MP: 4/4
  1090 | D:2      | Reached skill level 5 in Axes
  1251 | D:2      | Found Qerurash's Assorted Antiques.
  1331 | D:2      | Bought a thin malachite amulet for 125 gold pieces
  1535 | D:2      | Identified the +0 leather armour of Xuytoo {rF++ rN+}
  1784 | D:2      | Reached XP level 6. HP: 51/55 MP: 5/5
  1886 | D:3      | Reached skill level 5 in Fighting
  1967 | D:3      | Reached skill level 5 in Shields
  2011 | D:3      | Reached skill level 5 in Armour
  2512 | D:4      | Reached skill level 6 in Axes
  2512 | D:4      | Reached XP level 7. HP: 44/61 MP: 6/6
  2997 | D:4      | Found an opulent altar of Gozag.
  3086 | D:4      | Found an iron altar of Okawaru.
  3086 | D:4      | Found a sacrificial altar of Ru.
  3090 | D:4      | Became a worshipper of Warmaster Okawaru
  3170 | D:4      | Reached skill level 1 in Throwing
  3385 | D:5      | Entered Level 5 of the Dungeon
  3479 | D:5      | Reached skill level 1 in Invocations
  3628 | D:5      | Identified the +0 quarterstaff "Mujap" {heavy, Will+}
  3763 | D:5      | Reached * piety under Okawaru
  3764 | D:5      | Reached skill level 7 in Axes
  3764 | D:5      | Reached XP level 8. HP: 67/70 MP: 6/8
  4222 | D:5      | Identified a scroll of acquirement
  4222 | D:5      | Acquired the +5 war axe of the Median {flame, Will++ Str-5}
  4247 | D:6      | Found Yffurim's Assorted Antiques.
  4250 | D:6      | Bought a small bronze amulet for 145 gold pieces
  4396 | D:6      | Found a staircase to the Ecumenical Temple.
  4436 | Temple   | Entered the Ecumenical Temple
  4436 | Temple   | Found a transporter.
  4436 | Temple   | Found a transporter.
  4438 | Temple   | Found a transporter.
  4438 | Temple   | Found a transporter.
  4680 | D:6      | Reached ** piety under Okawaru
  4681 | D:6      | Reached skill level 8 in Axes
  4852 | D:6      | Found a snail-covered altar of Cheibriados.
  4878 | D:6      | Found an ornate altar of the Wu Jian Council.
  5067 | D:7      | Found a flagged portal.
  5082 | Bailey   | Entered a bailey
  5154 | Bailey   | Noticed an orc warlord
  5205 | Bailey   | Noticed an orc knight
  5220 | Bailey   | Killed an orc knight
  5221 | Bailey   | Reached XP level 9. HP: 50/78 MP: 7/10
  5240 | Bailey   | Noticed an orc knight
  5251 | Bailey   | Killed an orc knight
  5251 | Bailey   | Reached *** piety under Okawaru
  5252 | Bailey   | Reached skill level 9 in Axes
  5257 | Bailey   | Found a runed translucent gate.
  5276 | Bailey   | Found a runed translucent gate.
  5289 | Bailey   | Found a runed translucent gate.
  5449 | Bailey   | Killed an orc warlord
  5449 | Bailey   | Reached **** piety under Okawaru
  5475 | Bailey   | Identified the +1 scale mail of the Solstice {*Slow Fly rF-
                  | Dex+9}
  5522 | Bailey   | Acquired the +0 mask of the Dragon {Will+ Slay+3 SInv}
  5522 | Bailey   | Found the +0 mask of the Dragon {Will+ Slay+3 SInv}
  5644 | D:7      | Found a runed translucent door.
  5654 | D:7      | Noticed hero57213's ghost (novice MiFi)
  5680 | D:7      | Killed hero57213's ghost
  5681 | D:7      | Reached skill level 10 in Axes
  5681 | D:7      | Reached XP level 10. HP: 88/88 MP: 12/12
  5820 | D:7      | Acquired a +3 vampiric broad axe
  6132 | D:7      | Reached skill level 5 in Throwing
  6878 | D:8      | Reached ***** piety under Okawaru
  6888 | D:8      | Reached skill level 5 in Invocations
  7059 | D:8      | Found a runed translucent door.
  7060 | D:8      | Noticed Sabo's ghost (novice GnWn)
  7141 | D:8      | Received a gift from Okawaru
  7150 | D:8      | Reached skill level 11 in Axes
  7367 | D:8      | Noticed Maurice
  7388 | D:8      | Killed Maurice
  7486 | D:8      | Noticed Pikel
  7495 | D:8      | Killed Pikel
  7495 | D:8      | Received a gift from Okawaru
  7849 | D:8      | Killed Sabo's ghost
  7850 | D:8      | Reached XP level 11. HP: 88/95 MP: 12/14
  7896 | D:9      | Noticed a two-headed ogre
  7906 | D:9      | Killed a two-headed ogre
  8009 | D:9      | Noticed a two-headed ogre
  8009 | D:9      | Noticed a two-headed ogre
  8016 | D:9      | Killed a two-headed ogre
  8021 | D:9      | Reached skill level 12 in Axes
  8021 | D:9      | Killed a two-headed ogre
  8066 | D:9      | Received a gift from Okawaru
  8615 | D:10     | Entered Level 10 of the Dungeon
  8646 | D:10     | Found a runed translucent gate.
  8646 | D:10     | Found a runed translucent gate.
  8647 | D:10     | Found a runed translucent gate.
  8649 | D:10     | Noticed Hubris850's ghost (journeyman KoBr)
  8669 | D:10     | Killed Hubris850's ghost
  8669 | D:10     | Received a gift from Okawaru
  8777 | D:10     | Noticed Maggie
  8791 | D:10     | Killed Maggie
  8804 | D:10     | Noticed a death yak
  8994 | D:10     | Found a staircase to the Orcish Mines.
  9125 | D:10     | Found a staircase to the Lair.
  9127 | D:10     | Noticed a death yak
  9135 | D:10     | Noticed a death yak
  9136 | D:10     | Killed a death yak
  9144 | D:10     | Killed a death yak
  9145 | D:10     | Reached skill level 13 in Axes
  9150 | D:10     | Killed a death yak
  9151 | D:10     | Reached skill level 10 in Shields
  9151 | D:10     | Reached XP level 12. HP: 62/106 MP: 14/16
  9241 | D:10     | Reached skill level 10 in Armour
  9442 | Lair:1   | Entered Level 1 of the Lair of Beasts
  9506 | Lair:1   | Reached skill level 10 in Fighting
  9538 | Lair:1   | Received a gift from Okawaru
 10104 | Lair:1   | Noticed a catoblepas
 10125 | Lair:1   | Killed a catoblepas
 10125 | Lair:1   | Received a gift from Okawaru
 10514 | Lair:2   | Noticed Erica
 10524 | Lair:2   | Killed Erica
 10525 | Lair:2   | Reached skill level 14 in Axes
 10611 | Lair:2   | Noticed a six-headed hydra
 10619 | Lair:2   | Killed a three-headed hydra
 10619 | Lair:2   | Received a gift from Okawaru
 10638 | Lair:2   | Noticed a boulder beetle
 10657 | Lair:2   | Killed a boulder beetle
 10657 | Lair:2   | Reached ****** piety under Okawaru
 10784 | Lair:2   | Noticed a six-headed hydra
 10792 | Lair:2   | Killed a three-headed hydra
 10857 | Lair:2   | You are sucked into a shaft and drop 2 floors!
 10925 | Lair:3   | Found a staircase to the Snake Pit.
 11290 | Lair:3   | Received a gift from Okawaru
 11365 | Lair:3   | Reached XP level 13. HP: 62/115 MP: 17/17
 11712 | Lair:3   | Found a staircase to the Swamp.
 11793 | Lair:3   | Noticed Sonja
 11795 | Lair:3   | Killed Sonja
 11813 | Lair:3   | Found a runed translucent gate.
 11813 | Lair:3   | Found a runed translucent gate.
 11818 | Lair:3   | Found a runed translucent gate.
 11823 | Lair:3   | Noticed Twinkles's ghost (journeyman GnHs)
 11828 | Lair:3   | Noticed a minotaur
 11838 | Lair:3   | Killed Twinkles's ghost
 11838 | Lair:3   | Received a gift from Okawaru
 11846 | Lair:3   | Killed a minotaur
 11847 | Lair:3   | Reached skill level 15 in Axes
 11986 | Lair:3   | Received a gift from Okawaru
 12319 | Lair:4   | HP: 1/116 [death yak (19)]
 12320 | Lair:4   | Demolished by a death yak

Illustrated notes

Levels and vault maps discovered:
D:1:      dpeg_arrival_stone_temple_mockup, layout_basic, serial_shops, shop,
          shop_statue, shop_statue, nicolae_shop_advertising_works
          [nicolae_subvault_shop_adworks], nicolae_shop_bloodbath_and_beyond,
          minmay_lizard_king
D:2:      layout_loops_ring, serial_shops, nicolae_lakefront_shop,
          minmay_pentomino_pile, uniq_sigmund
D:3:      layout_loops_ring
D:4:      layout_cave_pods, grunt_gozag_statues,
          mainiacjoe_overflow_divided_tiny
D:5:      minmay_angry_zag, layout_gridville
D:6:      layout_basic, mainiacjoe_overflow_two_lobes,
          minmay_temple_entry_slanted, serial_shops, nicolae_stop_n_shop_2,
          hangedman_decor_growths
D:7:      layout_layer_cave, enter_bailey_3, ebering_ghost_reflecting_pool
D:8:      layout_loops_cross, ebering_ghost_inner_flame, serial_bayou_lake_a,
          uniq_pikel, uniq_maurice
D:9:      layout_long_grid, lightli_fourway_metalbox
D:10:     hangedman_cross_stitches, layout_cave_pools, dpeg_lair_monsters,
          minmay_orc_entry_temple_small, ebering_ghost_rock_garden, uniq_maggie
Temple:   hellmonk_temple_divided_pantheon
Lair:1:   layout_concentric_octagons, grunt_forest_large_clearing_hut,
          lemuel_fruit_tree
Lair:2:   layout_chaotic_city, uniq_erica
Lair:3:   minmay_lair_oklob_chamber, layout_long_grid, minmay_swamp_entry_swarm,
          dummy_snake_entry, maelrawn_ghost_gauntlet_escape, grunt_megastairs_2,
          uniq_sonja
Lair:4:   layout_hall_layers

Skill      XL: |  1  2  3  4  5  6  7  8  9 10 11 12 13 |
---------------+----------------------------------------+-----
Axes           | 4 5 6 7 8 10 11 13 14 15 | 15.4
Fighting       | 4 5 6 7 8 9 10 11 | 11.6
Armour         | 4 5 6 7 8 9 11 | 11.6
Shields        | 4 5 6 7 8 10 11 | 11.7
Throwing       | 2 3 4 5 7 8 |  8.8
Invocations    | 1 3 4 5 6 7 8 |  8.5

Action                     |  1- 3 |  4- 6 |  7- 9 | 10-12 | 13-15 || total
---------------------------+-------+-------+-------+-------+-------++-------
  Melee: War axe           |    49 |   123 |   228 |   298 |       ||   698
         Headbutt          |     7 |    17 |    34 |    85 |    23 ||   166
         Broad axe         |       |       |       |   140 |    93 ||   233
  Throw: Boomerang         |       |       |       |    18 |     2 ||    20
 Invoke: Heroism           |       |       |     4 |     6 |     3 ||    13
         Finesse           |       |       |       |     2 |     1 ||     3
    Use: Scroll            |     1 |     9 |    15 |     9 |     2 ||    36
         Potion            |       |       |     2 |     1 |     2 ||     5
   Stab: Petrifying        |       |       |       |     2 |       ||     2
         Petrified         |       |       |       |     2 |       ||     2
 Armour: Scale mail        |    27 |    36 |       |       |       ||    63
         Plate armour      |       |    55 |    94 |       |       ||   149
         Chain mail        |       |       |    60 |   283 |    71 ||   414
  Dodge: Dodged            |    31 |    51 |    80 |   164 |    38 ||   364
  Block: Buckler           |     9 |    37 |    52 |   146 |    55 ||   299

Table legend: (Time is in decaauts)
 A = Elapsed time spent in this place.
 B = Non-inter-level travel time spent in this place.
 C = Inter-level travel time spent in this place.
 D = Time resting spent in this place.
 E = Time spent auto-exploring this place.
 F = Levels seen in this place.
 G = Mean time per level.
                   A        B        C        D        E       F      G
               +--------+--------+--------+--------+--------+-----+--------+
         Total |  12316 |  12028 |    288 |    191 |   7697 |  16 |  769.8 |
       Dungeon |   9027 |   8772 |    255 |    140 |   5721 |  10 |  902.7 |
        Temple |     17 |     17 |      0 |      0 |      0 |   1 |   17.0 |
          Lair |   2836 |   2803 |     33 |      0 |   1948 |   4 |  709.0 |
        Bailey |    434 |    434 |      0 |     51 |     28 |   1 |  434.0 |
               +--------+--------+--------+--------+--------+-----+--------+

Top non-repeatable levels by time:
     D:7: 1326 daAuts
  Lair:3: 1100 daAuts
     D:8: 1074 daAuts
     D:1: 989 daAuts
     D:4: 898 daAuts
     D:2: 883 daAuts
     D:5: 874 daAuts
  Lair:1: 851 daAuts
    D:10: 823 daAuts
  Lair:2: 817 daAuts
     D:6: 763 daAuts
     D:9: 721 daAuts
     D:3: 674 daAuts
  Bailey: 434 daAuts
  Lair:4: 68 daAuts
